 Dungeon Crawl Stone Soup version 0.30-a0-125-g51eefa89be (webtiles) character file.

Game seed: 6774476224995930317

169 Flugkiller the Digger (level 5, -4/42 HPs)
             Began as a Naga Earth Elementalist on Sept 18, 2022.
             Slain by Duvessa
             ... wielding a +0 short sword
              (10 damage)
             ... on level 4 of the Dungeon.
             The game lasted 00:03:29 (2643 turns).

Flugkiller the Digger (Naga Earth Elementalist)     Turns: 2643, Time: 00:03:30

Health: -4/42      AC:  4    Str: 10    XL:     5   Next: 50%
Magic:  0/10       EV: 10    Int: 17    God:
Gold:   142        SH:  0    Dex: 12    Spells: 7/11 levels left

rFire   . . .      SeeInvis +    e - +1 dagger (venom)
rCold   . . .      Faith    .    (no shield)
rNeg    . . .      Spirit   +    a - +0 robe
rPois   +          Reflect  .    d - +0 helmet
rElec   .          Harm     .    (no cloak)
rCorr   .          Rampage  .    f - +0 pair of gloves
Will    .....                    (no barding)
Stlth   ++........               i - amulet of guardian spirit
HPRegen 0.14/turn                p - ring of flight
MPRegen 0.12/turn                (no ring)

@: flying, invisible, very slow
A: AC +1, large, see invisible, deformed body, poison resistance, slowness 2,
spit poison 1, naga tail 1
a: Spit Poison


You were on level 4 of the Dungeon.
You visited 1 branch of the dungeon, and saw 4 of its levels.

You collected 142 gold pieces.

Inventory:

Hand Weapons
 e - a +1 dagger of venom (weapon)
   (You took it off a goblin on level 3 of the Dungeon)
 g - a +0 rapier
   (You found it on level 1 of the Dungeon)
 s - a +1 vorpal hammer
   (You found it on level 3 of the Dungeon)
Armour
 a - a +0 robe (worn)
 d - a +0 helmet (worn)
   (You found it on level 1 of the Dungeon)
 f - a +0 pair of gloves (worn)
   (You found it on level 1 of the Dungeon)
Jewellery
 i - an amulet of guardian spirit (around neck)
   (You found it on level 1 of the Dungeon)
 p - a ring of flight (left hand)
   (You found it on level 3 of the Dungeon)
Scrolls
 j - a scroll of brand weapon
 k - 2 scrolls of silence {unknown}
 l - a scroll of vulnerability {unknown}
 o - 2 scrolls of noise {unknown}
 q - a scroll of teleportation {unknown}
 r - 4 scrolls of identify
Potions
 b - a potion of magic
 c - 2 potions of attraction {unknown}
 h - a potion of haste
 m - a potion of flight {unknown}
 t - a potion of lignification {unknown}


   Skills:
 + Level 0.0 Fighting
 - Level 1.5 Dodging
 - Level 3.0 Stealth
 + Level 3.8 Spellcasting
 + Level 0.1 Conjurations
 - Level 1.0 Transmutations
 + Level 4.7 Earth Magic


You had 7 spell levels left.
You knew the following spells:

 Your Spells              Type           Power      Damage    Failure   Level
a - Sandblast             Erth           38%        2d10      2%          1
b - Stone Arrow           Conj/Erth      22%        3d8       19%         3

Your spell library contained the following spells:

 Spells                   Type           Power      Damage    Failure   Level
 Passwall                 Tmut/Erth      10%        N/A       8%          2
 Ozocubu's Armour         Ice            3%         N/A       43%         3
 Petrify                  Tmut/Erth      13%        N/A       45%         4
 Ozocubu's Refrigeration  Ice            1%         4d7       100%        7


Dungeon Overview and Level Annotations

Branches:
Dungeon (4/15) Zot: 20579
 Temple: D:4-7

Altars:
Cheibriados
Vehumet

Annotations:
D:3 1 runed translucent door, Crazy Yiuf
D:4 Dowan, Duvessa


Innate Abilities, Weirdness & Mutations

Your serpentine skin is tough. (AC +1)
You have supernaturally acute eyesight. (SInv)
Armour fits poorly on your strangely shaped body.
Your system is resistant to poisons. (rPois)
You cover ground very slowly.
You can spit poison.
You have a snake-like lower body.


Message History

Press: ? - help, Shift-Dir - straight line, f - worm
Aim: a worm (94% to hit)
The blast of sand hits the worm!
You kill the worm!
An endoplasm comes into view.
Found 5 gold pieces.
An endoplasm is nearby!
The endoplasm quivers.
Casting: Sandblast (safe; 2% risk of failure)
Confirm with . or Enter, or press ? or * to list all spells.
Aiming: Sandblast (safe; 2% risk of failure)
Press: ? - help, Shift-Dir - straight line, f - endoplasm
Aim: an endoplasm (98% to hit)
The blast of sand hits the endoplasm.
The endoplasm is severely wounded.
An endoplasm is nearby!
Casting: Sandblast (safe; 2% risk of failure)
Confirm with . or Enter, or press ? or * to list all spells.
Aiming: Sandblast (safe; 2% risk of failure)
Press: ? - help, Shift-Dir - straight line, f/p - endoplasm
Aim: an endoplasm (severely wounded, 98% to hit)
The blast of sand hits the endoplasm!
You kill the endoplasm!
You now have 142 gold pieces (gained 5).
You reach down and open the door.
A hobgoblin comes into view.
Found 5 gold pieces.
A hobgoblin is nearby!
A hobgoblin is nearby!
Duvessa and Dowan come into view.
Duvessa is wielding a +0 short sword and wearing a +3 scale mail of positive energy.
Found an escape hatch in the floor.
Found a stone staircase leading down.
The hobgoblin shouts!
A goblin comes into view. It is wielding a +0 club.
There is an open door here.
Dowan shouts!
There is an open door here.
The hobgoblin barely misses you. The hobgoblin attacks as you move away!
The hobgoblin completely misses you.
Dowan drinks a potion.
Dowan flickers and vanishes for a moment.
Casting: Sandblast (safe; 2% risk of failure)
Confirm with . or Enter, or press ? or * to list all spells.
Aiming: Sandblast (safe; 2% risk of failure)
Press: ? - help, Shift-Dir - straight line, f - hobgoblin
Aim: a hobgoblin (82% to hit)
The blast of sand hits the hobgoblin.
You kill the hobgoblin!
As you read the scroll labelled SAOTTYI KUYTOY, it crumbles to dust.
It is a scroll of identify.
j - a scroll of brand weapon;
r - 4 scrolls of identify
k - 2 scrolls labelled AGUODAPH KICH You hit Duvessa but do no damage.
Duvessa is poisoned.
Duvessa drinks a potion.
Duvessa seems to speed up.
h - a potion of haste;
l - a scroll labelled WUCSAUKHL PAUMO You hit Duvessa but do no damage.
Duvessa looks as sick as possible!
Duvessa is lightly wounded.
Duvessa says, "My weaknesses are his strengths!"
Duvessa closely misses you. Duvessa hits you with a +0 short sword.
You barely miss Duvessa.
Duvessa is moderately wounded.
Duvessa hits you with a +0 short sword.
You hit Duvessa but do no damage.
Duvessa is moderately wounded.
Duvessa hits you with a +0 short sword!
Dowan smirks and points a slender finger.
Duvessa hits you with a +0 short sword.
You closely miss Duvessa.
Duvessa is moderately wounded.
Duvessa hits you with a +0 short sword!
You hit Duvessa but do no damage.
Duvessa is heavily wounded.
Duvessa hits you with a +0 short sword! x2
* * * LOW HITPOINT WARNING * * *
Okay, then.
You feel much better. Duvessa hits you but does no damage.
You fade into invisibility!
Duvessa hits you with a +0 short sword! Duvessa closely misses you.
You catch the helpless Duvessa completely off-guard!
You hit Duvessa but do no damage.
Duvessa is severely wounded.
Duvessa hits you with a +0 short sword!
You barely miss Duvessa.
Duvessa is severely wounded.
Duvessa barely misses you. Duvessa closely misses you.
You strike the helpless Duvessa from behind!
You puncture Duvessa!
Duvessa looks as sick as possible!
Duvessa is almost dead.
Dowan says, "Stay away from my face!"
Duvessa hits you with a +0 short sword!
* * * LOW HITPOINT WARNING * * *
Okay, then.
Casting: Sandblast (safe; 2% risk of failure)
Confirm with . or Enter, or press ? or * to list all spells.
You don't have enough magic to cast this spell.
Unknown command.
You hit Duvessa but do no damage.
Duvessa is almost dead.
Duvessa hits you with a +0 short sword!
You die...

##........>.e...
........$...e.>.
................
#.............
##.###'###...
#..# ##e# #e# +#
#@# #.# #.## #..
###..###.#
#.....##.#
########...#..#.#
#..#~.##...##.#.#
#..#b~##...##...#
#..#######.###..#
# #.....# #.#
##.## .#


You could see Duvessa (fast, unable to see you, extremely poisoned) and Dowan
(invisible, unable to see you).

Vanquished Creatures
  2 orc priests (D:3)
  4 adders
  A worm (D:4)
  A dart slug (D:3)
  2 orcs (D:3)
  5 ball pythons
  6 endoplasms
  4 giant cockroaches
  3 goblins
  5 hobgoblins
  7 jackals
  6 kobolds
  A quokka (D:3)
  9 bats
  3 frilled lizards
  9 rats
68 creatures vanquished.

Vanquished Creatures (others)
  8 fungi (D:4)
8 creatures vanquished.

Grand Total: 76 creatures vanquished

Notes
Turn   | Place    | Note
-------+----------+-------------------------------------------
     0 | D:1      | Flugkiller the Naga Earth Elementalist began the quest for
                  | the Orb.
     0 | D:1      | Reached XP level 1. HP: 15/15 MP: 3/3
    38 | D:1      | Reached XP level 2. HP: 2/22 MP: 0/5
   390 | D:1      | Found a faded altar of an unknown god.
   705 | D:1      | Reached XP level 3. HP: 28/28 MP: 4/6
  1160 | D:2      | Found a snail-covered altar of Cheibriados.
  1245 | D:2      | Reached XP level 4. HP: 36/36 MP: 6/8
  1286 | D:2      | Reached skill level 4 in Earth Magic
  1538 | D:3      | Found a radiant altar of Vehumet.
  1742 | D:3      | Found a runed translucent door.
  1743 | D:3      | Noticed Crazy Yiuf
  1783 | D:3      | Reached XP level 5. HP: 31/42 MP: 1/10
  2566 | D:4      | Learned a level 3 spell: Stone Arrow
  2623 | D:4      | Noticed Duvessa
  2623 | D:4      | Noticed Dowan
  2643 | D:4      | Slain by Duvessa

Illustrated notes

Levels and vault maps discovered:
D:1:      minmay_arrival_radiant_lines, layout_loops_ring,
          chequers_ecumenical_altar_simple_redux, serial_park_tiny_pond
D:2:      layout_basic, basic_altar
D:3:      layout_basic, vehumet_crystals, kennysheep_generic_room_11,
          uniq_crazy_yiuf_cottage
D:4:      layout_basic, serial_aquarium, aquarium_bridge_straight
          [aquarium_subvault_bridge, aquarium_subvault_window,
          aquarium_subvault_bridge, aquarium_subvault_wall],
          aquarium_window_fake, aquarium_window_corridor_2,
          aquarium_window_fake, aquarium_view_2b, aquarium_view_2d,
          aquarium_balcony_double_2, aquarium_pool_corner, uniq_ijyb,
          uniq_duvessa

Skill      XL: |  1  2  3  4 |
---------------+-------------+-----
Spellcasting   | 3 |  3.8
Earth Magic    | 4 |  4.7
Dodging        | |  1.5
Stealth        | |  3.0
Conjurations   | |  0.1
Transmutations | |  1.0

Action                   |  1- 3 |  4- 6 || total
-------------------------+-------+-------++-------
Melee: Short sword       |    11 |       ||    11
       Rapier            |     6 |     1 ||     7
       Mace              |       |    10 ||    10
       Punch             |       |     1 ||     1
       Dagger            |       |    13 ||    13
 Cast: Sandblast         |    36 |    46 ||    82
 Abil: Spit Poison       |     1 |       ||     1
  Use: Potion            |       |     3 ||     3
       Scroll            |       |     1 ||     1
 Stab: Invisible         |       |     2 ||     2
Armor: Robe              |    16 |    11 ||    27
Dodge: Dodged            |    29 |    24 ||    53

Table legend: (Time is in decaauts)
 A = Elapsed time spent in this place.
 B = Non-inter-level travel time spent in this place.
 C = Inter-level travel time spent in this place.
 D = Time resting spent in this place.
 E = Time spent auto-exploring this place.
 F = Levels seen in this place.
 G = Mean time per level.
                   A        B        C        D        E       F      G
               +--------+--------+--------+--------+--------+-----+--------+
         Total |   3419 |   3266 |    153 |    585 |   2103 |   4 |  854.8 |
       Dungeon |   3419 |   3266 |    153 |    585 |   2103 |   4 |  854.8 |
               +--------+--------+--------+--------+--------+-----+--------+

Top non-repeatable levels by time:
     D:3: 1328 daAuts
     D:1: 1180 daAuts
     D:2: 758 daAuts
     D:4: 152 daAuts
